 Dungeon Crawl Stone Soup version 0.30-a0-341-g682706514a (webtiles) character file.

Game seed: 1159214818406889415

46 TheGigVG the Chopper (level 3, -1/21 HPs)
             Began as a Gargoyle Reaver on Nov 2, 2022.
             Slain by a gnoll
             ... wielding a +0 whip
              (8 damage)
             ... on level 2 of the Dungeon.
             The game lasted 00:02:06 (448 turns).

TheGigVG the Chopper (Gargoyle Reaver)               Turns: 448, Time: 00:02:07

Health: -1/21      AC:  9    Str: 17    XL:     3   Next: 68%
Magic:  6/6        EV: 11    Int: 13    God:
Gold:   20         SH:  0    Dex:  8    Spells: 5/6 levels left

rFire   . . .      SeeInvis .    a - +0 hand axe
rCold   . . .      Faith    .    (no shield)
rNeg    + . .      Spirit   .    b - +0 leather armour
rPois   ∞          Reflect  .    (no helmet)
rElec   +          Harm     .    (no cloak)
rCorr   .          Rampage  .    c - +2 pair of gloves
Will    .....                    (no boots)
Stlth   +.........               (no amulet)
HPRegen 0.23/turn                (no ring)
MPRegen 0.10/turn                (no ring)

@: no status effects
A: sickness immunity, AC +3, negative energy resistance 1, electricity
resistance, torment resistance 1, petrification resistance
a: no special abilities


You were on level 2 of the Dungeon.
You visited 1 branch of the dungeon, and saw 2 of its levels.

You collected 20 gold pieces.

Inventory:

Hand Weapons
 a - a +0 hand axe (weapon)
Armour
 b - a +0 leather armour (worn)
 c - a +2 pair of gloves (worn)


   Skills:
 - Level 2.1 Fighting
 + Level 4.1 Axes
 - Level 1.5 Dodging
 - Level 2.0 Spellcasting
 - Level 3.2 Conjurations


You had 5 spell levels left.
You knew the following spells:

 Your Spells              Type           Power      Damage    Failure   Level
a - Kiss of Death         Conj/Necr      20%        2d7       16%         1

Your spell library contained the following spells:

 Spells                   Type           Power      Damage    Failure   Level
 Momentum Strike          Conj/Tloc      10%        3d8       24%         2
 Hailstorm                Conj/Ice       5%         3d4       43%         3


Dungeon Overview and Level Annotations

Branches:
Dungeon (2/15)

Altars:

Shops:
D:1 !


Innate Abilities, Weirdness & Mutations

You are immune to sickness and miasma.
Your stone body is resilient. (AC +3)
You are immune to poison.
You resist negative energy. (rN+)
You are resistant to electric shocks. (rElec)
You are resistant to unholy torment.
You are immune to petrification.


Message History

You barely miss the adder.
The adder is heavily wounded.
The adder bites you.
You closely miss the adder.
The adder is heavily wounded.
The adder barely misses you. The adder closely misses you.
You hit the adder.
You kill the adder!
Your Axes skill increases to level 4!
You barely miss the gnoll. The gnoll barely misses you.
You hit the gnoll.
The gnoll is lightly wounded.
The gnoll hits you with a +0 flail!
You hit the gnoll but do no damage.
The gnoll is lightly wounded.
The gnoll hits you with a +0 flail. The gnoll completely misses you.
You slash the gnoll!
The gnoll is severely wounded.
The gnoll hits you with a +0 flail.
* * * LOW HITPOINT WARNING * * *
You hit the gnoll.
The gnoll is almost dead.
The gnoll closely misses you.
You hit the gnoll but do no damage.
The gnoll is almost dead.
The gnoll closely misses you.
You hit the gnoll but do no damage.
The gnoll is severely wounded.
The gnoll barely misses you.
You hit the gnoll.
You kill the gnoll!
Sorry, you're not good enough to have a special ability.
This spell is quite dangerous to cast!
Memorise Momentum Strike, consuming 2 spell levels and leaving 3? [Y]es or [N]o only, please.
Memorise Momentum Strike, consuming 2 spell levels and leaving 3?
The gnoll barely misses you.
You start memorising the spell.
You continue memorising.
The gnoll hits you with a +0 whip!
Your memorisation is interrupted.
You die...

##############
.).....†.....#
.###########.##
###### ..#####
#..#####....###
#.....###
##...@g.......#
#####...#
#######....#..#
###.#### #....#
#....########....#
####.†...........#
###.)........)#
#†...........
..............
..<......##.....


You could see a gnoll.

Vanquished Creatures
  An adder (D:2)
  2 gnolls (D:2)
  A dart slug (D:2)
  A ball python (D:1)
  4 endoplasms
  2 goblins (D:1)
  A hobgoblin (D:1)
  2 bats
  A frilled lizard (D:2)
  A kobold (D:2)
  A rat (D:1)
17 creatures vanquished.

Notes
Turn   | Place    | Note
-------+----------+-------------------------------------------
     0 | D:1      | TheGigVG the Gargoyle Reaver began the quest for the Orb.
     0 | D:1      | Reached XP level 1. HP: 12/12 MP: 3/3
   256 | D:1      | Reached skill level 3 in Axes
   269 | D:1      | Reached XP level 2. HP: 17/17 MP: 5/5
   279 | D:1      | Found Lyqem's Distillery.
   281 | D:1      | You fall into a shaft and drop 1 floor!
   325 | D:2      | Reached XP level 3. HP: 7/21 MP: 6/6
   439 | D:2      | Reached skill level 4 in Axes
   448 | D:2      | Slain by a gnoll

Illustrated notes

Levels and vault maps discovered:
D:1:      dpeg_arrival_castle, layout_basic, serial_shops,
          nicolae_shop_hallway_stairs, shop, shop, shop_fountains, shop
D:2:      layout_rooms, serial_shops, nicolae_shop_hallway_plus,
          nicolae_shop_window_shopping, st_stairs_7, uniq_robin, uniq_jessica

Skill      XL: |  1  2  3 |
---------------+----------+-----
Axes           | 3 4 |  4.1
Fighting       | |  2.1
Dodging        | |  1.5
Spellcasting   | |  2.0
Conjurations   | |  3.2

Action                   || total
-------------------------++-------
Melee: Hand axe          ||    59
Armor: Leather armour    ||    23
Dodge: Dodged            ||    46

Table legend: (Time is in decaauts)
 A = Elapsed time spent in this place.
 B = Non-inter-level travel time spent in this place.
 C = Inter-level travel time spent in this place.
 D = Time resting spent in this place.
 E = Time spent auto-exploring this place.
 F = Levels seen in this place.
 G = Mean time per level.
                   A        B        C        D        E       F      G
               +--------+--------+--------+--------+--------+-----+--------+
         Total |    457 |    454 |      3 |     41 |    142 |   2 |  228.5 |
       Dungeon |    457 |    454 |      3 |     41 |    142 |   2 |  228.5 |
               +--------+--------+--------+--------+--------+-----+--------+

Top non-repeatable levels by time:
     D:1: 285 daAuts
     D:2: 172 daAuts
